 Dungeon Crawl Stone Soup version 0.16-a0-3300-g0332368 (webtiles) character file.

7539 PolkaDot the Fighter (level 10, -3/85 HPs)
             Began as a Vampire Summoner on Dec 25, 2014.
             Was a Believer of Sif Muna.
             Engulfed by a cloud of flame (12 damage)
             ... on level 9 of the Dungeon.
             The game lasted 00:46:34 (8532 turns).

PolkaDot the Fighter (Vampire Summoner)             Turns: 8532, Time: 00:46:34

Health: -3/85      AC:  7    Str:  7    XL:     10   Next: 96%
Magic:  25/25      EV: 18    Int: 22    God:    Sif Muna [**....]
Gold:   601        SH:  0    Dex: 14    Spells: 3 memorised, 4 levels left

rFire  . . .     SeeInvis +     x - +5 quarterstaff (flame)
rCold  . . .     Clarity  .     C - +1 leather armour {rPois} (curse)
rNeg   . . .     SustAb   .     (no shield)
rPois  +         Gourm    .     s - +1 hat
rElec  .         Spirit   .     y - +0 cloak
rCorr  +         Warding  .     (no gloves)
rMut   .         Stasis   .     p - +0 pair of boots (curse)
MR     +....                    j - amulet of resist corrosion (curse)
Stlth  ++........               B - +5 ring of evasion
                                t - ring of magical power

@: regenerating very quickly, somewhat resistant to hostile enchantments,
unstealthy
A: bottle blood, fangs 3, see invisible, clever 1, unbreathing
a: Channel Energy, Forget Spell, Renounce Religion


You were on level 9 of the Dungeon.
You worshipped Sif Muna.
Sif Muna was pleased with you.
You were almost alive.

You visited 2 branches of the dungeon, and saw 10 of its levels.
You also visited: Ossuary.

You collected 601 gold pieces.

Inventory:

Hand weapons
 x - a +5 quarterstaff of flaming (weapon)
Missiles
 N - a throwing net (quivered)
Armour
 p - a cursed +0 pair of boots (worn)
 s - a +1 hat (worn)
 y - a +0 cloak (worn)
 C - a cursed +1 leather armour of poison resistance (worn)
Jewellery
 j - a cursed amulet of resist corrosion (around neck)
 t - a ring of magical power (left hand)
 B - a +5 ring of evasion (right hand)
Magical devices
 f - a wand of disintegration (0)
 g - a wand of fireball (2)
 l - a wand of polymorph (12)
 m - a wand of random effects (22)
 q - a wand of confusion (0)
 u - a wand of teleportation (1)
 H - a wand of enslavement (0)
Scrolls
 i - 6 scrolls of remove curse
 n - a scroll of teleportation
 w - 2 scrolls of magic mapping
 D - 2 scrolls of amnesia
 E - a scroll of fog
 I - 3 scrolls of enchant weapon
Potions
 c - 5 potions of restore abilities
 e - a potion of brilliance
 o - 7 potions of blood {@*1}
 v - 2 potions of haste
 A - a potion of agility
Books
 a - a book of Battle

   Spells                             Type                      Level
   a - Infusion                       Charms                       1
   b - Shroud of Golubria             Charms/Translocation         2
   c - Song of Sleighing              Charms                       2
   d - Spectral Weapon                Hexes/Charms                 3
   e - Regeneration                   Charms/Necromancy            3
 b - a book of Callings

   Spells                             Type                      Level
   a - Summon Small Mammal            Summoning                    1
   b - Call Imp                       Summoning                    2
   c - Call Canine Familiar           Summoning                    3
   d - Summon Guardian Golem          Hexes/Summoning              4
   e - Summon Lightning Spire         Summoning/Air                4
   f - Summon Ice Beast               Ice/Summoning                4
 z - a book of Dreams

   Spells                             Type                      Level
   a - Ensorcelled Hibernation        Hexes/Ice                    2
   b - Flight                         Charms/Air                   3
   c - Phase Shift                    Translocation                5
   d - Shadow Creatures               Summoning                    5
   e - Mass Confusion                 Hexes                        6
   f - Darkness                       Hexes                        7
 L - a book of Cantrips

   Spells                             Type                      Level
   a - Corona                         Hexes                        1
   b - Animate Skeleton               Necromancy                   1
   c - Summon Small Mammal            Summoning                    1
   d - Apportation                    Translocation                1


   Skills:
 - Level 10.1 Fighting
 * Level 7.3 Staves
 + Level 5.0 Dodging
 - Level 3.0 Stealth
 - Level 2.0 Spellcasting
 + Level 7.6 Summonings
 - Level 5.0 Ice Magic


You had 4 spell levels left.
You knew the following spells:

 Your Spells              Type           Power        Failure   Level  Hunger
d - Call Canine Familiar  Summ           #####...     1%          3    ###....
i - Summon Ice Beast      Ice/Summ       ####....     12%         4    #####..
s - Call Imp              Summ           #####...     1%          2    ##.....


Dungeon Overview and Level Annotations

Branches:
Dungeon (9/15)             Temple (1/1) D:6            Lair (0/8) D:8
    Orc (0/4) D:9

Altars:
Ashenzari
Cheibriados
Dithmenos
Elyvilon
Fedhas
Gozag
Kikubaaqudgha
Makhleb
Nemelex Xobeh
Okawaru
Qazlal
Ru
Sif Muna
Trog
Vehumet
Yredelemnul
Zin
The Shining One

Annotations:
D:9 exclusion: obsidian statue


Innate Abilities, Weirdness & Mutations

Your natural rate of healing is extremely fast.
You can bottle blood from corpses.
You have razor-sharp teeth.
You have supernaturally acute eyesight.
You can survive without breathing.
Your mind is acute. (Int +2)


Message History

You sock the crimson imp!
The crimson imp explodes!
The fiery explosion engulfs you!
* * * LOW HITPOINT WARNING * * *
You are engulfed in roaring flames.
* * * LOW HITPOINT WARNING * * *
Read which item? (? for menu, Esc to quit)
Okay, then.
Drink which item? (? for menu, Esc to quit)
Okay, then.
Read which item? (? for menu, Esc to quit)
Okay, then.
Drink which item? (? for menu, Esc to quit)
Okay, then.
Drink which item? (? for menu, Esc to quit)
Okay, then.
Drink which item? (? for menu, Esc to quit)
Okay, then.
You are engulfed in roaring flames.
You die...

>.......))....5.....#
###........
##....#.#..........## ####.##..
.....#.#.#...#>..## ##......
.......#.#.##############.......
.................†..............
......###..##########..........
...... ##.#### #..........
.....# #..§§##### #..........
.... ####§@...# #.......... ..
#)†§§§.#.............. .
#..%!.%# .#.........# #........
#### #..%..%%.. #.%...%#.%
##.....#... ########.


There were no monsters in sight!

Vanquished Creatures
  A cyclops (D:9)
  An orange crystal statue (D:9)
  Grinder (D:5)
  Eustachio (D:5)
  A hungry ghost (D:7)
  Grum (D:9)
  4 wolves (D:9)
  9 yaks (D:9)
  2 wargs (D:8)
  A mottled dragon (D:9)
  A water moccasin (D:8)
  2 black bears
  An ice beast (D:9)
  3 centaurs
  5 ogres
  A necrophage (D:8)
  An orc warrior (D:6)
  A sky beast (D:8)
  Blork the orc (D:8)
  A wyvern skeleton (D:6)
  4 giant frogs
  2 scorpions
  A water moccasin zombie (Ossuary)
  4 wights
  3 killer bees (D:9)
  A goliath beetle (D:6)
  A giant frog zombie (D:8)
  A quasit (D:9)
  5 orc priests
  2 crimson imps (D:9)
  A jelly (D:8)
  Crazy Yiuf (D:5)
  3 giant frog skeletons
  5 hounds
  2 iguanas (D:7)
  15 orc wizards
  A worker ant (D:7)
  3 big kobold zombies (Ossuary)
  2 hound skeletons
  3 mummies
  A worker ant zombie (D:8)
  7 adders
  A shadow imp (D:7)
  A giant mite (D:6)
  A worm (D:3)
  An adder skeleton (D:4)
  6 adder zombies
  2 giant geckos
  23 orcs
  11 bats
  A bat skeleton (D:8)
  9 goblins
  14 hobgoblins
  5 jackals
  12 kobolds
  2 quokkas (D:8)
  2 ball pythons
  5 giant cockroaches
  A giant cockroach zombie (D:6)
  6 giant newts
  5 gnoll zombies (Ossuary)
  4 hobgoblin zombies (Ossuary)
  4 kobold zombies (Ossuary)
  7 orc zombies (Ossuary)
  A quokka zombie (D:7)
  16 rats
  A ballistomycete (D:7)
248 creatures vanquished.

Vanquished Creatures (collateral kills)
  A two-headed ogre (D:8)
  A warg (D:8)
  2 orc warriors
  An ice beast (D:7)
  A sky beast (D:8)
  A yellow wasp (D:8)
  2 ogres
  A black bear (D:4)
  4 wights
  A killer bee (D:8)
  3 crimson imps
  A giant frog zombie (D:8)
  4 hounds
  A jelly (D:8)
  A quasit (D:8)
  An orc priest (D:8)
  An orc wizard (D:8)
  6 worker ants
  Jessica (D:2)
  5 adders
  16 orcs
  2 giant cockroaches (D:4)
  5 jackals
  A quokka (D:4)
  A ball python (D:4)
  3 bats
  A giant newt (D:2)
  2 goblins (D:2)
  A ballistomycete (D:7)
71 creatures vanquished.

Vanquished Creatures (others)
  A wolf (D:9)
  7 ice beasts
  A necrophage (D:8)
  6 crimson imps
  15 hounds
  2 orc wizards (D:7)
  2 shadow imps
  5 white imps
  An orc (D:7)
  A giant spore (D:7)
  A hobgoblin zombie (D:8)
  A rat (D:3)
43 creatures vanquished.

Grand Total: 362 creatures vanquished

Notes
Turn   | Place    | Note
--------------------------------------------------------------
     0 | D:1      | PolkaDot, the Vampire Summoner, began the quest for the Orb.
     0 | D:1      | Reached XP level 1. HP: 13/13 MP: 3/3
    37 | D:1      | Reached skill level 1 in Fighting
   276 | D:1      | Reached XP level 2. HP: 5/21 MP: 4/4
   736 | D:1      | Learned a level 2 spell: Call Imp
   862 | D:2      | Noticed Jessica
   871 | D:2      | Killed Jessica
   871 | D:2      | Reached XP level 3. HP: 18/28 MP: 0/6
  1144 | D:2      | Found a stormy altar of Qazlal.
  1451 | D:2      | Learned a level 3 spell: Call Canine Familiar
  1481 | D:2      | Reached XP level 4. HP: 35/35 MP: 7/7
  1838 | D:3      | HP: 3/82 [orc priest/divine providence (12)]
  1844 | D:3      | Reached XP level 5. HP: 3/43 MP: 2/9
  1922 | D:3      | Found a bloodstained altar of Trog.
  2280 | D:4      | Noticed an ogre
  2290 | D:4      | Killed an ogre
  2290 | D:4      | Reached skill level 5 in Fighting
  2382 | D:4      | Reached XP level 6. HP: 39/51 MP: 1/10
  2568 | D:4      | Noticed an ogre
  2591 | D:4      | Killed an ogre
  2605 | D:4      | Reached skill level 6 in Fighting
  2773 | D:4      | Reached XP level 7. HP: 38/59 MP: 6/12
  2790 | D:4      | Noticed a black bear
  2799 | D:4      | Killed a black bear
  2913 | D:4      | Found a sacrificial altar of Ru.
  2939 | D:4      | Reached skill level 7 in Fighting
  3125 | D:4      | Learned a level 4 spell: Summon Ice Beast
  3148 | D:5      | Entered Level 5 of the Dungeon
  3249 | D:5      | Noticed Eustachio
  3274 | D:5      | Killed Eustachio
  3494 | D:5      | Noticed Grinder
  3516 | D:5      | Killed Grinder
  3516 | D:5      | Reached skill level 8 in Fighting
  3516 | D:5      | Reached XP level 8. HP: 31/69 MP: 2/13
  3811 | D:5      | Noticed Crazy Yiuf
  3826 | D:5      | Paralysed by Crazy Yiuf for 2 turns
  3830 | D:5      | Killed Crazy Yiuf
  4047 | D:6      | Found a staircase to the Ecumenical Temple.
  4056 | Temple   | Entered the Ecumenical Temple
  4103 | Temple   | Became a worshipper of Sif Muna the Loreminder
  4394 | D:6      | Reached skill level 9 in Fighting
  4675 | D:6      | Found a glowing silver altar of Zin.
  5041 | D:7      | Found a sand-covered staircase.
  5047 | Ossuary  | Entered an ossuary
  5057 | Ossuary  | Reached skill level 1 in Ice Magic
  5417 | D:7      | Reached skill level 10 in Fighting
  5612 | D:7      | Reached XP level 9. HP: 72/78 MP: 14/14
  5729 | D:7      | Reached skill level 5 in Summonings
  5759 | D:7      | Reached skill level 1 in Staves
  6390 | D:8      | Found a staircase to the Lair.
  6461 | D:8      | Acquired Sif Muna's first power
  6622 | D:8      | HP: 3/78 [wight/mace of freezing (2)]
  6952 | D:8      | Gained mutation: Your mind is acute. (Int +2) [potion of beneficial mutation]
  6961 | D:8      | Found a burning altar of Makhleb.
  6969 | D:8      | Noticed Blork the orc
  6987 | D:8      | Killed Blork the orc
  7119 | D:8      | Reached XP level 10. HP: 39/85 MP: 16/16
  7160 | D:8      | Reached skill level 5 in Ice Magic
  7221 | D:8      | Reached skill level 5 in Staves
  7231 | D:8      | Identified a +0 rod of inaccuracy (11/11) (You found it on level 8 of the Dungeon)
  7761 | D:9      | Found a radiant altar of Vehumet.
  7902 | D:9      | Found a staircase to the Orcish Mines.
  8114 | D:9      | Noticed an obsidian statue
  8169 | D:9      | Noticed a soul eater
  8291 | D:9      | Acquired Sif Muna's second power
  8310 | D:9      | Noticed a cyclops
  8436 | D:9      | Killed a cyclops
  8495 | D:9      | Noticed Grum
  8506 | D:9      | Killed Grum
  8506 | D:9      | Reached skill level 5 in Dodging
  8532 | D:9      | Engulfed by a cloud of flame

Action                   |  1- 3 |  4- 6 |  7- 9 | 10-12 || total
-------------------------+-------+-------+-------+-------++-------
Melee: Short sword       |   113 |       |       |       ||   113
       Dagger            |    64 |   172 |    87 |       ||   323
       Rapier            |       |       |   448 |       ||   448
       Quarterstaff      |       |       |    69 |   169 ||   238
 Cast: Call Imp          |     5 |    13 |    48 |    22 ||    88
       Call Canine Famil |       |    10 |    17 |    10 ||    37
       Summon Small Mamm |       |     2 |       |       ||     2
       Summon Ice Beast  |       |       |       |    21 ||    21
Invok: Channel Energy    |       |       |       |    70 ||    70
 Abil: End Transformatio |       |       |       |     1 ||     1
       Bat Form          |       |       |       |     1 ||     1
Evoke: Wand              |       |    11 |    12 |     4 ||    27
  Use: Potion            |     5 |    17 |    37 |    30 ||    89
       Scroll            |       |     3 |    11 |     6 ||    20
 Stab: Sleeping          |     2 |     3 |    11 |     1 ||    17
       Distracted        |       |     2 |     5 |     1 ||     8
       Confused          |       |     1 |     2 |       ||     3
       Invisible         |       |       |     7 |       ||     7
       Paralysed         |       |       |     3 |       ||     3
  Eat: Corpse            |     9 |       |       |     1 ||    10
